 Dungeon Crawl Stone Soup version 0.29.1-1-gd02db6906a (webtiles) character file.

Game seed: 18204529668264006203

387 jimonade the Shooter (level 7, 0/50 HPs)
             Began as a Formicid Hunter on Sept 17, 2022.
             Slain by an elf zombie (7 damage)
             ... in an ossuary.
             The game lasted 00:06:11 (3453 turns).

jimonade the Shooter (Formicid Hunter)              Turns: 3453, Time: 00:06:12

Health: 0/50       AC:  3    Str: 12    XL:     7   Next: 6%
Magic:  7/7        EV: 12    Int:  7    God:
Gold:   159        SH:  0    Dex: 25    Spells: 6/6 levels left

rFire   + + +      SeeInvis +   a - +0 shortbow
rCold   . . .      Faith    .   (no shield)
rNeg    . . .      Spirit   .   c - +0 leather armour
rPois   .          Reflect  .   (helmet unavailable)
rElec   +          Harm     .   (no cloak)
rCorr   .          Rampage  .   (no gloves)
Will    .....                   (no boots)
Stlth   ++........              (no amulet)
HPRegen 0.16/turn               j - ring "Nanupnir" {rElec rF+++ Str-3 Int-2 Dex+6}
MPRegen 0.10/turn               (no ring)

@: no status effects
A: permanent stasis, dig shafts and tunnels, antennae 3, four strong arms
a: Dig


You were in an ossuary.
You visited 1 branch of the dungeon, and saw 4 of its levels.
You also visited: Ossuary.

You collected 159 gold pieces.

Inventory:

Hand Weapons
 a - a +0 shortbow (weapon)
 d - a +0 sling
 s - a +0 dagger
Missiles
 i - 17 poisoned darts
Armour
 c - a +0 leather armour (worn)
Jewellery
 j - the ring "Nanupnir" (left hand) {rElec rF+++ Str-3 Int-2 Dex+6}
   (You found it on level 2 of the Dungeon)

   [ring of dexterity]

   Str:       It affects your strength (-3).
   Int:       It affects your intelligence (-2).
   Dex:       It affects your dexterity (+6).
   rF:        It renders you almost immune to fire.
   rElec:     It insulates you from electricity.
 l - a +6 ring of intelligence
Scrolls
 b - 2 scrolls of immolation
 e - a scroll of acquirement
 o - a scroll of teleportation {unknown}
 q - 3 scrolls of identify
 r - a scroll of noise {unknown}
Potions
 g - a potion of attraction {unknown}
 h - a potion of brilliance {unknown}
 k - a potion of degeneration {unknown}
 p - a potion of invisibility {unknown}


   Skills:
 - Level 2.1 Fighting
 + Level 7.9 Ranged Weapons
 - Level 1.7 Dodging
 - Level 1.2 Stealth


You had 6 spell levels left.
You didn't know any spells.
Your spell library contained the following spells:

 Spells                   Type           Power      Damage    Failure   Level
 Sublimation of Blood     Necr           0%         N/A       65%         2
 Wereblood                Tmut           0%         N/A       65%         2
 Dazzling Flash           Conj/Hex       0%         N/A       87%         3
 Agony                    Necr           0%         N/A       100%        5
 Silence                  Hex/Air        0%         N/A       100%        5
 Summon Hydra             Summ           0%         N/A       100%        7


Dungeon Overview and Level Annotations

Branches:
Dungeon (4/15)            Ossuary (1/1)
 Temple: D:4-7

Altars:
Sif Muna
Vehumet


Innate Abilities, Weirdness & Mutations

You cannot be hasted, slowed, berserked, paralysed or teleported.
You can dig through walls and to a lower floor.
You have a pair of large antennae on your head. (SInv)
Your four strong arms can wield two-handed weapons with a shield.


Message History

You shoot an arrow. The arrow hits the mummy.
The mummy is severely damaged.
The mummy hits you!
* * * LOW HITPOINT WARNING * * *
The goblin zombie barely misses you.
Fire: a) +0 shortbow
Press: ? - help, Q - select action, (/) - cycle Shift-Dir - straight line, f/p - elf zombie
Aim: an elf zombie (lightly damaged, 68% to hit)
You shoot an arrow. The arrow hits the mummy.
You destroy the mummy!
The goblin zombie barely misses you.
Fire: a) +0 shortbow
Press: ? - help, Q - select action, (/) - cycle Shift-Dir - straight line, f/p - elf zombie
Aim: an elf zombie (lightly damaged, 68% to hit)
You shoot an arrow.
The arrow closely misses the elf zombie.
The elf zombie completely misses you. The goblin zombie barely misses you.
Fire: a) +0 shortbow
Press: ? - help, Q - select action, (/) - cycle Shift-Dir - straight line, f/p - elf zombie
Aim: an elf zombie (lightly damaged, 68% to hit)
You shoot an arrow. The arrow barely misses the elf zombie.
The elf zombie hits you.
* * * LOW HITPOINT WARNING * * *
Fire: a) +0 shortbow
Press: ? - help, Q - select action, (/) - cycle Shift-Dir - straight line, f/p - elf zombie
Aim: an elf zombie (lightly damaged, 68% to hit)
You shoot an arrow. The arrow hits the elf zombie.
The elf zombie is moderately damaged.
The goblin zombie barely misses you. The elf zombie closely misses you.
You feel better.
The goblin zombie completely misses you.
The elf zombie closely misses you.
Fire: a) +0 shortbow
Press: ? - help, Q - select action, (/) - cycle Shift-Dir - straight line, f/p - elf zombie
Aim: an elf zombie (moderately damaged, 68% to hit)
You shoot an arrow. The arrow hits the elf zombie.
The elf zombie is moderately damaged.
The goblin zombie hits you but does no damage.
The elf zombie hits you!
You die...

######################
#.........∩∩.....Z...#
#...............@Z...#
#...##############...#
#...# {{ {{{#...#
#...#{ {{{#.M.# #...#
#...# #...# #...#
#...# #.... #...#
#...# #... #M..# #...#
##... #...#


You could see a goblin zombie and an elf zombie.

Vanquished Creatures
  An ice beast (D:3)
  An elf skeleton (D:4)
  2 human zombies (Ossuary)
  A human skeleton (D:4)
  2 mummies (Ossuary)
  Robin (D:3)
  2 adders
  A dart slug (D:2)
  7 ball pythons
  7 endoplasms (D:1)
  2 giant cockroaches
  9 hobgoblins
  9 kobolds
  A quokka (D:1)
  5 bats
  5 frilled lizards
  19 goblins
  6 hobgoblin zombies (Ossuary)
  8 kobold zombies (Ossuary)
  8 orc zombies (Ossuary)
  7 rats
  A rat zombie (Ossuary)
105 creatures vanquished.

Notes
Turn   | Place    | Note
-------+----------+-------------------------------------------
     0 | D:1      | jimonade the Formicid Hunter began the quest for the Orb.
     0 | D:1      | Reached XP level 1. HP: 16/16 MP: 1/1
    67 | D:1      | Reached XP level 2. HP: 20/22 MP: 2/2
   255 | D:1      | Reached XP level 3. HP: 19/27 MP: 3/3
   757 | D:1      | Reached skill level 5 in Ranged Weapons
  1153 | D:2      | Reached XP level 4. HP: 31/33 MP: 4/4
  1191 | D:2      | Found a radiant altar of Vehumet.
  1314 | D:2      | Identified the ring "Nanupnir" {rElec rF+++ Str-3 Int-2
                  | Dex+6}
  1618 | D:2      | Identified a scroll of acquirement
  1643 | D:3      | Noticed Robin
  2083 | D:3      | Found a faded altar of an unknown god.
  2417 | D:3      | Killed Robin
  2418 | D:3      | Reached skill level 6 in Ranged Weapons
  2418 | D:3      | Reached XP level 5. HP: 16/38 MP: 5/5
  2509 | D:3      | Noticed an ice beast
  2526 | D:3      | Killed an ice beast
  2527 | D:3      | Reached XP level 6. HP: 34/44 MP: 6/6
  2780 | D:3      | Found a shimmering blue altar of Sif Muna.
  2978 | D:4      | Reached skill level 7 in Ranged Weapons
  2983 | D:4      | Found a sand-covered staircase.
  2998 | Ossuary  | Entered an ossuary
  3439 | Ossuary  | Reached XP level 7. HP: 37/50 MP: 7/7
  3450 | Ossuary  | HP: 1/50 [elf zombie (6)]
  3453 | Ossuary  | Slain by an elf zombie

Illustrated notes

Levels and vault maps discovered:
D:1:      lightli_iron_boxes, layout_basic, minmay_misc_feat_tiny
D:2:      layout_rooms, basic_altar
D:3:      layout_basic, lemuel_blue_sif_altar,
          shapermc_ecumenical_altar_hornbeckon, kennysheep_generic_room_12,
          uniq_robin
D:4:      layout_basic, mainiacjoe_overflow_paths, nicolae_ru_awakened_eye,
          mainiacjoe_overflow_alcove_2, nicolae_ossuary_entry_catacombs,
          serial_shops, nicolae_diamond_shop, shop, kennysheep_little_box,
          shop_coins
Ossuary:  ossuary_tomb_1

Skill      XL: |  1  2  3  4  5  6 |
---------------+-------------------+-----
Ranged Weapons | 5 6 7 |  7.9
Fighting       | |  2.1
Dodging        | |  1.7
Stealth        | |  1.2

Action                   |  1- 3 |  4- 6 |  7- 9 || total
-------------------------+-------+-------+-------++-------
 Fire: Shortbow          |   108 |   171 |    14 ||   293
  Use: Scroll            |     1 |     2 |       ||     3
       Potion            |       |       |     1 ||     1
Armor: Leather armour    |    15 |    11 |     3 ||    29
Dodge: Dodged            |    44 |    30 |    13 ||    87
